 Dungeon Crawl Stone Soup version 0.30-a0-726-gd89dcf765f (webtiles) character file.

Game seed: 4975990890518064675

33 Legacy the Trooper (level 3, 0/33 HPs)
             Began as a Demigod Fighter on Jan 29, 2023.
             Slain by an adder (3 damage)
             ... on level 2 of the Dungeon.
             The game lasted 00:01:59 (698 turns).

Legacy the Trooper (Demigod Fighter)                 Turns: 698, Time: 00:01:59

Health: 0/33       AC:  6    Str: 17    XL:     3   Next: 0%
Magic:  5/5        EV:  8    Int: 10    God:
Gold:   40         SH:  5    Dex: 17    Spells: 2/2 levels left

rFire   . . .      SeeInvis .    a - +0 war axe
rCold   . . .      Faith    .    c - +0 buckler
rNeg    . . .      Spirit   .    b - +0 scale mail
rPois   .          Reflect  .    (no helmet)
rElec   .          Harm     .    (no cloak)
rCorr   .          Rampage  .    (no gloves)
Will    .....                    (no boots) Stlth
                                 (no amulet)
HPRegen 0.25/turn                (no ring)
MPRegen 0.09/turn                (no ring)

@: lethally poisoned (0 -> -8), hasted, very quick
A: high MP 1, forlorn, divine attributes
a: no special abilities


You were on level 2 of the Dungeon.
You visited 1 branch of the dungeon, and saw 2 of its levels.

You collected 40 gold pieces.

Inventory:

Hand Weapons
 a - a +0 war axe (weapon)
Armour
 b - a +0 scale mail (worn)
 c - a +0 buckler (worn)
Scrolls
 f - a scroll of vulnerability {unknown}
 h - a scroll of teleportation {unknown}
 i - a scroll of identify {unknown}
 k - a scroll of enchant armour {unknown}
 l - a scroll of brand weapon {unknown}
Potions
 d - a potion of might
 g - a potion of brilliance {unknown}
 j - a potion of curing {unknown}


   Skills:
 + Level 3.9 Fighting
 - Level 1.7 Axes
 - Level 2.6 Armour
 - Level 2.6 Shields


You had 2 spell levels left.
You didn't know any spells.
Your spell library contained the following spells:

 Spells                   Type           Power      Damage    Failure   Level
 Magic Dart               Conj           0%         1d3       86%         1
 Searing Ray              Conj           0%         2d4       95%         2
 Fulminant Prism          Conj/Hex       0%         3d5       100%        4


Dungeon Overview and Level Annotations

Branches:
Dungeon (2/15)


Innate Abilities, Weirdness & Mutations

You have an increased reservoir of magic. (+10% MP)
You shall have no god before yourself.
Your divine heritage dramatically boosts your attributes as you level up.


Message History

The adder poisons you!
You barely miss the adder. You closely miss the ball python.
You feel sick. You block the ball python's attack.
The ball python barely misses you. The adder barely misses you.
The ball python bites you but does no damage.
The ball python barely misses you. The adder bites you.
You are more poisoned.
The adder poisons you!
You hit the adder.
The adder is lightly wounded.
You slash the ball python!
You kill the ball python!
You feel sick. The adder closely misses you. The adder barely misses you.
You have reached level 3!
Your experience leads to a dramatic increase in your attributes!
Increase (S)trength, (I)ntelligence, or (D)exterity?
You feel agile. x4
Unknown command.
Unknown command.
You barely miss the adder.
The adder is lightly wounded.
You feel sick. You block the adder's attack. The adder bites you.
You are more poisoned.
The adder poisons you!
You miss the adder.
The adder is lightly wounded.
* * * LOW HITPOINT WARNING * * *
You feel very sick. You block the adder's attack.
You closely miss the adder.
The adder is lightly wounded.
You feel sick. The adder bites you.
* * * LOW HITPOINT WARNING * * *
You are lethally poisoned!
The adder poisons you! The adder barely misses you.
It was a potion of haste.
You feel yourself speed up.
* * * LOW HITPOINT WARNING * * *
You feel very sick. The adder bites you.
You die...

.. #.############ ...
##..#.#.......
....##......#....###
.............#$.#..####
..............# .......
#.......##.......
#......#..#..#
#.....#...S######
#..#.#...)@....$#
###.###############
#..(.#.........#.
#..#..............
....####...........#
#.##. ##........... # #.
#..........# #.#
####'###################
#..#
#......................<


You could see an adder.

Vanquished Creatures
  A dart slug (D:1)
  4 ball pythons
  2 endoplasms (D:1)
  3 goblins
  6 hobgoblins (D:1)
  2 jackals (D:1)
  2 frilled lizards
  4 kobolds (D:1)
  3 rats (D:1)
  A spectral goblin (D:1)
28 creatures vanquished.

Notes
Turn   | Place    | Note
-------+----------+-------------------------------------------
     0 | D:1      | Legacy the Demigod Fighter began the quest for the Orb.
     0 | D:1      | Reached XP level 1. HP: 18/18 MP: 3/3
    79 | D:1      | Reached skill level 3 in Fighting
   173 | D:1      | Reached XP level 2. HP: 26/26 MP: 4/4
   695 | D:2      | Reached XP level 3. HP: 15/33 MP: 5/5
   698 | D:2      | Slain by an adder

Illustrated notes

Levels and vault maps discovered:
D:1:      dpeg_arrival_pits, layout_rooms,
          dreamdust_ecumenical_altar_drowned_temple
D:2:      minmay_door_path, layout_basic, kennysheep_nub, nicolae_half_adder

Skill      XL: |  1 |
---------------+----+-----
Fighting       | 3 |  3.9
Axes           | |  1.7
Armour         | |  2.6
Shields        | |  2.6

Action                     || total
---------------------------++-------
  Melee: War axe           ||    69
    Use: Potion            ||     1
 Armour: Scale mail        ||    37
  Dodge: Dodged            ||    42
  Block: Buckler           ||    20

Table legend: (Time is in decaauts)
 A = Elapsed time spent in this place.
 B = Non-inter-level travel time spent in this place.
 C = Inter-level travel time spent in this place.
 D = Time resting spent in this place.
 E = Time spent auto-exploring this place.
 F = Levels seen in this place.
 G = Mean time per level.
                   A        B        C        D        E       F      G
               +--------+--------+--------+--------+--------+-----+--------+
         Total |    737 |    736 |      1 |      0 |      0 |   2 |  368.5 |
       Dungeon |    737 |    736 |      1 |      0 |      0 |   2 |  368.5 |
               +--------+--------+--------+--------+--------+-----+--------+

Top non-repeatable levels by time:
     D:1: 545 daAuts
     D:2: 191 daAuts
